Cogmind - Beta 10.2 @@@ ROGUE MODE // 2021.01.05 @ 06:09:29 Player: T-100 Result: Destroyed by G-34 Mercenary with Small Laser Performance ------------- Evolutions (1) 500 Regions Visited (2) 400 Robots Destroyed (15) 75 Value Destroyed (506) 506 Prototype IDs (1) 20 Alien Tech Used (0) 0 Bonus (0) 0 TOTAL SCORE: 1501 Bonus ------- None Cogmind --------- Core Integrity 0/400 Matter 245/300 Energy 250/250 System Corruption 0% Temperature Cool (6) Movement Walking (180) Ox2 Location -9/Materials Parts ------- > --- POWER (1) -------- Ion Engine > --- PROPULSION (4) --- Aluminum Leg > --- UTILITY (2) ------ Large Storage Unit Hardened Light Armor Plating > --- WEAPON (2) ------- (None) > --- INVENTORY (10) --- Ion Engine Heat Sink ECM Suite Hardened Light Armor Plating Peak State ------------ > --- POWER ------------ Improved Ion Engine > --- PROPULSION ------- Aluminum Leg Aluminum Leg Aluminum Leg Aluminum Leg > --- UTILITY ---------- Large Storage Unit Visual Processing Unit > --- WEAPON ----------- Particle Gun Advanced Beam Cannon > --- INVENTORY -------- Ion Engine Ion Engine Aluminum Leg Heat Sink ECM Suite Hardened Light Armor Plating Hardened Light Armor Plating Beam Rifle Particle Gun Beam Cannon [Rating: 15] Favorites ----------- Power Ion Engine Engine Ion Engine Propulsion Aluminum Leg Leg Aluminum Leg Utility Small Storage Unit Device Terrain Scanner Storage Small Storage Unit Processor Visual Processing Unit Protection Hardened Light Armor Plating Weapon Beam Cannon Energy Gun Small Laser Energy Cannon Beam Cannon Build | -11 -10 -9 ------- Run | Scr Mat Mat Slots Evolved 2 | . . 2 Power . | . . . Propulsion 2 | . . 2 Utility . | . . . Weapon . | . . . Parts Attached 35 | 6 9 20 Power 8 | 1 2 5 Engine 8 | 1 2 5 Core . | . . . Reactor . | . . . Propulsion 9 | 2 2 5 Treads . | . . . Leg 9 | 2 2 5 Wheel . | . . . Hover . | . . . Flight . | . . . Utility 7 | 1 2 4 Device 1 | . 1 . Storage 2 | 1 . 1 Processor 1 | . . 1 Hackware . | . . . Protection 3 | . 1 2 Artifact . | . . . Weapon 11 | 2 3 6 Energy Gun 8 | 2 2 4 Energy Cannon 3 | . 1 2 Ballistic Gun . | . . . Ballistic Cannon . | . . . Launcher . | . . . Special Weapon . | . . . Impact Weapon . | . . . Slashing Weapon . | . . . Piercing Weapon . | . . . Special Melee Weapon . | . . . Unidentified Prototypes 1 | . . 1 Parts Lost 16 | . 5 11 Power 3 | . 2 1 Propulsion 4 | . . 4 Utility 1 | . 1 . Weapon 8 | . 2 6 Highest Loss Streak 10 | . 3 10 Average Slot Usage (%) 85 | . 92 80 Engine 11 | . 13 10 Leg 26 | . 23 28 Device 2 | . 7 . Storage 12 | . 14 11 Processor 3 | . . 6 Protection 4 | . 5 4 Energy Gun 9 | . 17 5 Energy Cannon 12 | . 9 14 Naked Turns . | . . . Heaviest Build 30 | 10 18 30 Greatest Support 40 | 20 20 40 Greatest Overweight (x) 8 | 3 2 8 Average Overweight (x) . | . . . Largest Inventory Capacity 10 | 6 6 10 Average Capacity 6 | 5 6 7 Most Carried 10 | 2 5 10 Average Carried 4 | . 2 6 Final Capacity 10 | 6 6 10 Final Carried 5 | 2 5 4 Class Distribution -------------------- 71% | Mutant 28% | Scavenger-Mutant Dominant Class ---------------- Mutant | -10/Materials Mutant | -9/Materials Resources | -11 -10 -9 ----------- Run | Scr Mat Mat Matter Collected 593 | 222 182 189 Remotely . | . . . Salvage Created 547 | . 205 342 Parts 30 | . 13 17 Haulers Intercepted . | . . . Recyclers Shooed . | . . . Parts Field Recycled . | . . . Retrieved Matter . | . . . Parts Self-Destructed . | . . . Prevented . | . . . Kills | -11 -10 -9 ------- Run | Scr Mat Mat Combat Hostiles Destroyed 13 | . 5 8 Guns 5 | . 3 2 Cannons 8 | . 2 6 Classes Destroyed 5 | . 2 3 Worker 1 | . 1 . Watcher 1 | . . 1 Grunt 11 | . 5 6 Duelist 1 | . . 1 Sentry 1 | . . 1 Best Kill Streak 4 | . 4 3 Combat Bots Only 3 | . 3 3 Max Kills in Single Turn 1 | . 1 1 Gunslinging . | . . . Exploded . | . . . Melee . | . . . Uniques/NPCs Destroyed . | . . . Combat | -11 -10 -9 -------- Run | Scr Mat Mat Damage Taken 1808 | . 430 1378 Core 478 | . 78 400 Absorbed by Shields . | . . . Core Remaining (%) 84 | 100 68 . Volleys Fired 56 | . 25 31 Largest 2 | . 2 2 Hottest 133 | . 100 133 Shots Fired 101 | . 44 57 Gun 46 | . 33 13 Cannon 55 | . 11 44 Launcher . | . . . Special . | . . . Kinetic . | . . . Thermal 101 | . 44 57 Explosive . | . . . Electromagnetic . | . . . Robot Hit Streak 12 | . 9 12 Robot Miss Streak 6 | . 2 6 Penetration Max . | . . . Secondary Targets 1 | . 1 . Max Gunslinging Chain 1 | . 1 . Shots Hit Robots 69 | . 31 38 Core Hits 24 | . 12 12 Critical Hits 4 | . . 4 Critical Kills . | . . . Critical Parts Destroyed 4 | . . 4 Melee Attacks . | . . . Impact . | . . . Slashing . | . . . Piercing . | . . . Sneak Attacks . | . . . Combat Hostiles . | . . . Follow-up Attacks . | . . . Damage Inflicted 1004 | . 359 645 Guns 360 | . 255 105 Cannons 637 | . 104 533 Explosions . | . . . Melee . | . . . Ramming 7 | . . 7 Kinetic . | . . . Thermal 997 | . 359 638 Explosive . | . . . Electromagnetic . | . . . Impact . | . . . Slashing . | . . . Piercing . | . . . Highest Corruption . | . . . Average Corruption . | . . . Corruption Purged . | . . . Overload Shots . | . . . Overflow Damage 10 | . . 10 Projectiles 10 | . . 10 Explosions . | . . . Melee . | . . . Knockbacks . | . . . Impact . | . . . Kinetic . | . . . Secondary . | . . . Self-Inflicted Damage 3 | . . 3 Shots . | . . . Rammed 2 | . . 2 Targets Rammed 2 | . . 2 Kicked . | . . . Crushed . | . . . Highest Temperature 563 | . 447 563 Average Temperature 235 | . 238 232 Received Heat Transfer 684 | . 246 438 Effects 27 | . 8 19 Shutdowns 3 | . . 3 Energy Bleed 3 | . . 3 Interference 6 | . 2 4 Matter Decay 4 | . 2 2 Short Circuit 2 | . 2 . Damage (minor) 5 | . 2 3 Damage (major) 2 | . . 2 Damage (core) 2 | . . 2 Siege Activations . | . . . Robots Corrupted . | . . . Combat Hostiles . | . . . Parts Fried . | . . . Impact Corruptions . | . . . Robots Melted . | . . . Combat Hostiles . | . . . Parts Melted 6 | . 4 2 Heat Transferred 2152 | . 880 1272 Parts Sabotaged . | . . . Parts Stolen . | . . . Parts Stripped . | . . . Power Chain Reactions . | . . . Missiles Intercepted . | . . . Alert | -11 -10 -9 ------- Run | Scr Mat Mat Peak Influence 120 | . 120 120 Initial 5 | . . 5 Average 39 | . 35 45 Maximum Alert Level . | . . . Low Security (%) 100 | 100 100 100 Level 1 . | . . . Level 2 . | . . . Level 3 . | . . . Level 4 . | . . . Level 5 . | . . . High Security . | . . . Max Security . | . . . Squads Dispatched 2 | . 1 1 Investigation 2 | . 1 1 Extermination . | . . . Reinforcement . | . . . Assault . | . . . Garrison . | . . . Intercept . | . . . Construction Impeded . | . . . Haulers Reinforced . | . . . Stealth | -11 -10 -9 --------- Run | Scr Mat Mat Distress Signals 1 | . . 1 Communications Jammed . | . . . Distress Signals . | . . . Times Spotted 23 | . 10 13 Peak Tracking Total 4 | . 4 4 Tactical Retreats 3 | . 2 1 Traps | -11 -10 -9 ------- Run | Scr Mat Mat Traps Triggered 4 | . 1 3 Indirectly . | . . . Trap Hack Attempts . | . . . Triggered . | . . . Disarmed . | . . . Reprogrammed . | . . . Reused . | . . . Traps Extracted . | . . . Installed . | . . . Triggered . | . . . Machines | -11 -10 -9 ---------- Run | Scr Mat Mat Machines Disabled 1 | . . 1 Max in Single Turn 1 | . . 1 Machines Sabotaged . | . . . Garrisons Compromised . | . . . Overloaded Fab Kills . | . . . Fab Network Shutdowns . | . . . Hacking | -11 -10 -9 --------- Run | Scr Mat Mat Machines Accessed 1 | . . 1 Terminals 1 | . . 1 Fabricators . | . . . Repair Stations . | . . . Recycling Units . | . . . Scanalyzers . | . . . Garrison Access . | . . . Total Hacks 1 | . . 1 Successful 1 | . . 1 Failed . | . . . Catastrophic . | . . . Database Lockouts . | . . . Manual . | . . . Terminals 1 | . . 1 Fabricators . | . . . Repair Stations . | . . . Recycling Units . | . . . Scanalyzers . | . . . Garrison Access . | . . . Terminal Hacks 1 | . . 1 Emergency Access Points 1 | . . 1 Fabricator Hacks . | . . . Repair Station Hacks . | . . . Recycling Unit Hacks . | . . . Scanalyzer . | . . . Garrison Access Hacks . | . . . Unauthorized Hacks . | . . . Terminals . | . . . Fabricators . | . . . Repair Stations . | . . . Recycling Units . | . . . Scanalyzers . | . . . Garrison Access . | . . . Data Cores Recovered . | . . . Used . | . . . Hacking Detections 1 | . . 1 Full Trace Events . | . . . Feedback Events . | . . . Feedback Blocked . | . . . Robot Schematics Acquired . | . . . Robots Built . | . . . Matter . | . . . Time . | . . . Total Robot Build Rating . | . . . Part Schematics Acquired . | . . . Parts Built . | . . . Matter . | . . . Time . | . . . Total Part Build Rating . | . . . Parts Repaired . | . . . Time . | . . . Parts Recycled . | . . . Recycled Matter . | . . . Retrieved Matter . | . . . Retrieved Components . | . . . Parts Scanalyzed . | . . . Part Schematics Acquired . | . . . Parts Damaged . | . . . Bothacking | -11 -10 -9 ------------ Run | Scr Mat Mat Used RIF Installer . | . . . Robots Hacked . | . . . Non-combat . | . . . Combat . | . . . Robot Hacks Applied . | . . . Relay Couplers Released . | . . . Robots Rewired . | . . . Allies Hacked . | . . . Hacks Repelled . | . . . Allies | -11 -10 -9 -------- Run | Scr Mat Mat Total Allies . | . . . Largest Group . | . . . Highest-Rated Group . | . . . Highest-Rated Ally . | . . . Total Orders . | . . . Ally Attacks . | . . . Total Damage . | . . . Kills . | . . . Allies Corrupted . | . . . Allies Melted . | . . . Intel | -11 -10 -9 ------- Run | Scr Mat Mat Robot Analysis Total . | . . . Derelict Logs Recovered . | . . . Drone Launches . | . . . Drone Recoveries . | . . . Exploration | -11 -10 -9 ------------- Run | Scr Mat Mat Turns Passed 1564 | 61 596 907 Spaces Moved 944 | 42 396 506 Core 42 | 23 2 17 Treads . | . . . Legs 902 | 19 394 489 Wheels . | . . . Hover . | . . . Flight . | . . . Fastest Speed 50 | 50 120 120 Average Speed 129 | 119 126 132 Slowest Speed 450 | 200 150 450 Overloaded Moves . | . . . Propulsion Burnouts . | . . . Robots Hopped . | . . . Cave-ins Triggered . | . . . Exploration Rate (%) 24 | 3 43 27 Regions Visited 2 Branch Regions . Pre-discovered Areas . | . . . Known Exits Taken . | . . . Unknown Exits Taken 2 | 1 1 . Scrap Searched . | . . . Spaces Dug . | . . . Terrain Destroyed . | . . . Melee . | . . . Projectile . | . . . AOE . | . . . Terrain Rammed . | . . . Walls Destroyed . | . . . Machines Disabled . | . . . Actions | -11 -10 -9 --------- Run | Scr Mat Mat Total 1177 | 49 446 682 Wait 116 | . 7 109 Move 942 | 41 395 506 Hop . | . . . Pick Up 16 | 2 6 8 Fast Attach 16 | 6 5 5 Attach 10 | . 2 8 Detach 2 | . 1 1 Swap 9 | . 2 7 Drop 8 | . 3 5 Fire 56 | . 25 31 Melee . | . . . Ram . | . . . Kick 2 | . . 2 Crush . | . . . Escape Stasis . | . . . Rewire . | . . . Trap . | . . . Miscellaneous . | . . . Route ------- -11/Scrapyard -10/Materials (discovered 3 exits: *Mat x2 / [*Min]) -9/Materials (discovered 1 exit: [*Sto]) History --------- Turn | Location | Event 6 | -11/Scrapyard | Discovered new exit (range 15) 62 | -11/Scrapyard | Entered Materials 130 | -10/Materials | Discovered new exit (range 13) 224 | -10/Materials | Lost 3 parts (1p2w) 240 | -10/Materials | Discovered new exit (range 7) 318 | -10/Materials | Build established: Mutant 418 | -10/Materials | Discovered new exit (range 10) 658 | -10/Materials | Entered another Materials area 658 | -9/Materials | Evolved 2 slots: Propulsion x2 658 | -9/Materials | Discovered new exit (range 15) 1265 | -9/Materials | Build established: Scavenger-Mutant 1411 | -9/Materials | Core integrity fell below 50% 1525 | -9/Materials | Lost 10 parts (1p4n5w) 1545 | -9/Materials | Core integrity fell below 20% 1565 | -9/Materials | Destroyed by G-34 Mercenary with Small Laser Last Messages --------------- Aluminum Leg destroyed. Particle Gun destroyed. Overheating: Imp. Ion Engine damaged (-8). Power failure, Imp. Ion Engine shutdown. Particle Gun destroyed. Aluminum Leg destroyed. Overheating: Energy bleed (-54). L-31 Rogue destroyed. Overheating: Energy bleed (-38). Aluminum Leg destroyed. Overheating: System interference. Beam Cannon temporarily disabled. Beam Rifle temporarily disabled. Acquired 49 matter. Slammed into G-34 Mercenary. Beam Cannon destroyed. Aluminum Leg destroyed. Beam Rifle destroyed. Imp. Ion Engine destroyed. Discarded Visual Processing Unit. Map ----- +----------------------------------------------------+ | ?????????????????????# # ## #?????????????? | | ?????????????????????# # ## #?????????????? | | ?????????????????????# ######### #?????????????? | | ?????????????????????# #??????? ?????????????? | | ?????????????????????# #??????? ?????????????? | | ?????????????????????# #??????? ?????????????? | | ?????????????????????# #??????? ?????????????? | | ?????????????????????# #?????????????????????????? | | ?????????????????????# #?????????????????????????? | | ?????????????????????# #?????????????????????????? | | ?????????????????????# #?????????????????????????? | | ?????????????????????# #?????????????????????????? | | ?????????????????????# #?????????????????????????? | | ?????????????????????# #?????????????????????????? | | ?????????????????????# #?????????????????????????? | | ?????????????????????# #?????????????????????????? | | ?????????????????????# #?????????????????????????? | | ?????????????????????# #?????????????????????????? | | ?????????????????????# #?????????????????????????? | | ?????????????????????# #?????????????????????????? | | ?????????????????????# #?????????????????????????? | | ?????????????????????# #?????????????????????????? | | ?????????????????????# #?????????????????????????? | | ?????????????????????# #?????????????????????????? | | ?????????????????????# ##########????????????????? | | ?????????????????????# @ #????????????????? | | ?????????????????????#### gg #????????????????? | | ????????????????????????# #????????????????? | | ????????????????????????# #????????????????? | | ????????????????????????#########????????????????? | | ?????????????????????????????????????????????????? | | ?????????????????????????????????????????????????? | | ?????????????????????????????????????????????????? | | ?????????????????????????????????????????????????? | | | | | | | | | | | | | | | | | | | | | | | | | | | | | | | | | +----------------------------------------------------+ Best States ------------- Heat Dissipation 28 Energy Generation 12 Energy Capacity 265 Matter Stores 300 Matter Capacity 300 Sight Range 18 Terrain Scan Range 14 Terrain Scan Density 10 Armor Coverage 150 Evasion (%) 40 Item Schematics ----------------- None Robot Schematics ------------------ None Fabricated ------------ Nothing Alien Tech Used ----------------- None Achievements -------------- None Challenges ------------ None Game ------ Seed KineticMissileWand Manual? 0 Play Time 00:18:39 Cumulative 18.5 hours Start 2021.01.05 @ 05:46:41 End 2021.01.05 @ 06:09:29 Sessions 1 Manual Loads 0 Difficulty Rogue Special Mode None Game No. 30 Rogue 30 Adventurer 0 Explorer 0 Win Type - Total 0 Types 0/0/0/0/0/0/0/0/0 Lore% 4 Gallery% 22 Achievement% 10 Wizard Run 0 Options --------- ASCII 0 Keyboard 0 Movement Numpad Keybinds 0 Fullscreen 1 Font 14/Dina Map View 76x50 Tactical HUD 0 Map Filters NONE Filters NONE Steam 1 RUN: 18f3f9c5-57b1-4304-adcd-b0be3a235979